 Dungeon Crawl Stone Soup version 0.29.0-4-gdea44cf6ec (webtiles) character file.

Game seed: 8290992878357463438

48 qw the Chopper (level 3, -1/21 HPs)
             Began as a Tengu Warper on Aug 28, 2022.
             Slain by Robin
             ... wielding a +0 club
              (2 damage)
             ... on level 2 of the Dungeon.
             The game lasted 00:00:07 (1433 turns).

qw the Chopper (Tengu Warper)                       Turns: 1433, Time: 00:00:07

Health: -1/21      AC:  4    Str: 13    XL:     3   Next: 72%
Magic:  7/7        EV: 12    Int: 13    God:
Gold:   132        SH:  0    Dex: 13    Spells: 6/6 levels left

rFire   . . .      SeeInvis .   Y - +0 war axe
rCold   . . .      Faith    .   (no shield)
rNeg    . . .      Spirit   .   b - +0 leather armour
rPois   .          Reflect  .   (helmet restricted)
rElec   .          Harm     .   (no cloak)
rCorr   .          Rampage  .   l - +0 pair of gloves
Will    .....                   (boots unavailable)
Stlth   +.........              (no amulet)
HPRegen 0.07/turn               (no ring)
MPRegen 0.10/turn               (no ring)

@: no status effects
A: beak, talons 3
a: no special abilities


You were on level 2 of the Dungeon.
You visited 1 branch of the dungeon, and saw 2 of its levels.

You collected 132 gold pieces.


Innate Abilities, Weirdness & Mutations

You have a beak for a mouth.
You have claws for feet.


   Skills:
 - Level 2.0 Fighting
 + Level 4.3 Axes
 - Level 1.0 Throwing
 - Level 1.1 Armour
 - Level 2.1 Dodging
 - Level 2.0 Spellcasting
 - Level 2.4 Translocations


You had 6 spell levels left.
You didn't know any spells.
Your spell library contained the following spells:

 Spells                   Type           Power      Damage    Failure   Level
 Blink                    Tloc           14%        N/A       19%         2
 Gell's Gravitas          Tloc           7%         N/A       36%         3
 Lesser Beckoning         Tloc           7%         N/A       36%         3
 Teleport Other           Tloc           7%         N/A       36%         3
 Manifold Assault         Tloc           7%         N/A       98%         5

Inventory:

Hand Weapons
 m - a +0 whip
 Y - a +0 war axe (weapon)
Missiles
 a - 4 boomerangs
 d - 5 boomerangs of dispersal (quivered)
Armour
 b - a +0 leather armour (worn)
 l - a +0 pair of gloves (worn)
Potions
 c - a potion of curing {unknown}
 g - a potion of flight {unknown}
 i - 2 potions of attraction {unknown}

Dungeon Overview and Level Annotations

Branches:
Dungeon (2/15)

Altars:

Annotations:
D:2 Robin


Message History

The hobgoblin blinks!
You feel a bit more experienced.
Robin of the Strong Arm comes into view.
They are wielding a +0 club and carrying a wand of flame (20).
Found 4 stones.
A goblin comes into view. It is wielding a +0 dagger.
Robin throws the goblin at you!
You barely miss the goblin.
The goblin shouts!
Your kick misses the goblin. You barely miss the goblin.
The goblin hits you but does no damage. The goblin hits you with a +0 dagger.
Robin roars a battlecry!
The goblins go into a battle-frenzy!
You closely miss the goblin. Your kick misses the goblin. You peck the goblin.
The goblin is moderately wounded.
You miss the goblin.
The goblin hits you with a +0 dagger. x2
You hit the goblin.
You kill the goblin!
You completely miss the goblin. You hit the goblin but do no damage.
The goblin hits you but does no damage. The goblin closely misses you.
The goblin hits you with a +0 dagger.
A hobgoblin comes into view.
The goblin hits you with a +0 dagger. The hobgoblin hits you.
You barely miss the hobgoblin. You hit the goblin. You closely miss the goblin.
The hobgoblin barely misses you.
The goblin hits you with a +0 dagger. x2
A hobgoblin comes into view.
You hit the goblin.
You kill the goblin!
You closely miss the hobgoblin. You slash the goblin!
You kill the goblin!
The hobgoblin hits you.
Robin roars a battlecry!
The hobgoblin goes into a battle-frenzy!
You barely miss the hobgoblin. Your kick misses the hobgoblin.
Your peck misses the hobgoblin. The hobgoblin misses you.
The hobgoblin hits you but does no damage.
Robin says, "My goblins will feast on your bones."
Robin hits you with a +0 club.
You die...

#......# . #.####.# .
####.####.#..
#............
#%##.##...#.#
#######.##......# .
#.......##...<.## .
..)###.#####.#####..#
.(gg..g@).##.#####>.#
.(.###g##.##..........
##.##.#.......####.#
#........####.# #...
#...........##.# #...
##.###.#.......# #...
... #......#..###...
..(. ###.............
. #..#..........


You could see Robin and 3 hobgoblins.

Vanquished Creatures
  A worm (D:2)
  A dart slug (D:1)
  A bat (D:2)
  3 endoplasms
  3 giant cockroaches
  7 goblins
  3 hobgoblins
  3 quokkas
  4 ball pythons
  2 frilled lizards (D:1)
  4 kobolds
  9 rats
41 creatures vanquished.

Notes
Turn   | Place    | Note
-------+----------+-------------------------------------------
     0 | D:1      | qw the Tengu Warper began the quest for the Orb.
     0 | D:1      | Reached XP level 1. HP: 12/12 MP: 4/4
     0 | D:1      | 0 ||| qw: Version: 0.1-a-89-g26bdef1
     0 | D:1      | 0 ||| qw: Game counter: 1413
     0 | D:1      | 0 ||| qw: Always use a shield: true
     0 | D:1      | 0 ||| qw: God list: Okawaru
     0 | D:1      | 0 ||| qw: Allow faded altars: false
     0 | D:1      | 0 ||| qw: Do Orc after D:15 true
     0 | D:1      | 0 ||| qw: Do second Lair branch before Depths: true
     0 | D:1      | 0 ||| qw: Lair rune preference: random
     0 | D:1      | 0 ||| qw: Plans: Normal
     0 | D:1      | 0 ||| PLANNING D:1-11
    27 | D:1      | 27 ||| SWAPPING to +0 war axe.
    31 | D:1      | 31 ||| DROPPING +0 hand axe.
   207 | D:1      | Reached XP level 2. HP: 17/17 MP: 6/6
   245 | D:1      | Reached skill level 3 in Axes
   782 | D:1      | 782 ||| DROPPING +0 club.
   914 | D:1      | 914 ||| UPGRADING to +0 pair of gloves.
   919 | D:1      | 919 ||| READING 2 scrolls labelled ZIUNURPHEMAJE.
   920 | D:1      | 920 ||| READING 2 scrolls labelled WEASEI WA YHI.
   921 | D:1      | 921 ||| READING scroll labelled YWIUSARHUN.
   922 | D:1      | 922 ||| READING 2 scrolls labelled RIRROI TAOTAQ.
   923 | D:1      | 923 ||| DROPPING scroll of blinking.
   924 | D:1      | 924 ||| DROPPING scroll of fear.
   925 | D:1      | 925 ||| DROPPING scroll of immolation.
   926 | D:1      | 926 ||| DROPPING scroll of amnesia.
   989 | D:2      | Reached XP level 3. HP: 19/21 MP: 7/7
  1070 | D:2      | 1070 ||| Stepping ~*~*~tactically~*~*~ (stealth).
  1244 | D:2      | Reached skill level 4 in Axes
  1426 | D:2      | Noticed Robin
  1431 | D:2      | HP: 4/21 [goblin/+0 dagger[Robin] (5)]
  1432 | D:2      | HP: 1/21 [hobgoblin[Robin] (2)]
  1433 | D:2      | Slain by Robin

Levels and vault maps discovered:
D:1:      minmay_arrival_hallway, layout_basic, lemuel_another_geyser
D:2:      layout_loops_cross, minmay_goblin_kobold_house, uniq_robin

Skill      XL: |  1  2  3 |
---------------+----------+-----
Axes           | 3 4 |  4.3
Fighting       | |  2.0
Throwing       | |  1.0
Armour         | |  1.1
Dodging        | |  2.1
Spellcasting   | |  2.0
Translocations | |  2.4

Action                   || total
-------------------------++-------
Melee: War axe           ||    39
       Kick              ||     8
       Peck              ||     3
Throw: Javelin           ||    43
       Boomerang         ||     2
  Use: Scroll            ||     4
 Stab: Sleeping          ||     1
Armor: Leather armour    ||     9
Dodge: Dodged            ||    22

Table legend:
 A = Non-vault XP
 B = Vault XP
 C = Vault XP percentage of total XP
 D = Non-vault monster count
 E = Vault monster count
 F = Vault count percentage of total count
                 A         B        C        D         E       F
            +---------+---------+-------+---------+---------+-------
      Total |      53 |      16 |  23.2 |      33 |       8 |  19.5
            +---------+---------+-------+---------+---------+-------
        D:1 |      33 |       0 |   0.0 |      22 |       0 |   0.0
        D:2 |      20 |      16 |  44.4 |      11 |       8 |  42.1
            +---------+---------+-------+---------+---------+-------
